 Dungeon Crawl Stone Soup version 0.20-a0-920-gb18bc0f (console) character file.

35 nht the Cudgeler (level 3, -3/26 HPs)
             Began as a Demonspawn Wanderer on Mar 25, 2017.
             Slain by a hobgoblin (4 damage)
             ... on level 2 of the Dungeon.
             The game lasted 00:01:38 (1055 turns).

nht the Cudgeler (Demonspawn Wanderer)              Turns: 1055, Time: 00:01:38

Health: -3/26      AC:  2    Str: 10    XL:     3   Next: 17%
Magic:  3/3        EV: 12    Int: 14    God:
Gold:   23         SH:  0    Dex: 14    Spells: 2/2 levels left

rFire    . . .     SeeInvis .   a - +2 mace
rCold    . . .     Gourm    .   (no shield)
rNeg     . . .     Faith    .   c - +0 robe
rPois    .         Spirit   .   (no helmet)
rElec    .         Reflect  .   (no cloak)
rCorr    .         Harm     .   (no gloves)
MR       .....                  (no boots)
Stlth    ++........             (no amulet)
Regen    0.1/turn               (no ring)
MPRegen  0.1/turn               (no ring)

@: very slightly contaminated
A: demonic guardian 1, rot immunity
a: no special abilities


You were on level 2 of the Dungeon.
You were not hungry.

You visited 1 branch of the dungeon, and saw 2 of its levels.

You collected 23 gold pieces.

Inventory:

Hand Weapons
 a - a +2 mace (weapon)
Armour
 c - a +0 robe (worn)
Jewellery
 i - an uncursed ring of ice
Scrolls
 h - a scroll of identify {unknown}
Potions
 b - 2 potions of curing
 e - a potion of resistance {unknown}
 g - a potion of lignification {unknown}
Comestibles
 d - a bread ration
 j - 6 chunks of flesh


   Skills:
 - Level 1.0 Fighting
 + Level 3.9 Maces & Flails
   Level 1.7 Polearms
 - Level 1.0 Armour
 - Level 1.0 Dodging
 - Level 1.0 Stealth
   Level 1.0 Shields


You had 2 spell levels left.
You didn't know any spells.

Dungeon Overview and Level Annotations

Branches:
Dungeon (2/15)

Altars:
Dithmenos


Innate Abilities, Weirdness & Mutations

A weak demonic guardian rushes to your aid.
You are immune to rotting.


Message History

You hit the bat.
You kill the bat!
There is a shadowy altar of Dithmenos here.
You butcher the dart slug corpse.
j - 5 chunks of flesh (gained 1)
You butcher the frilled lizard corpse.
j - 6 chunks of flesh (gained 1)
Your extra speed is starting to run out.
Found 24 stones.
A hobgoblin comes into view.
The hobgoblin shouts!
You are too injured to fight recklessly!
You are too injured to fight recklessly!
You are too injured to fight recklessly!
You feel yourself slow down.
You barely miss the hobgoblin. The hobgoblin hits you.
* * * LOW HITPOINT WARNING * * *
You closely miss the hobgoblin. The hobgoblin barely misses you.
The hobgoblin hits you.
You die...

..... ███§█§█§█ █...
█..§§_.§§
████..████████.█§█§█.█
...............§█.§§█§
█
█........███...§█§█..
..█..███..███
████...§.. █...█ █...█
█...... █.....██.█..█
█...... █..@.██.█
.......> ██g..█ ...
.........
....(.........).....
...█.█....█..)>.......
...█.....██.█.... ██
.█..... ...... .
....██ █.. ...... .█


You could see a hobgoblin.

Vanquished Creatures
  An ooze (D:2)
  3 dart slugs
  A leopard gecko (D:1)
  2 bats
  2 giant cockroaches (D:1)
  5 goblins (D:1)
  A hobgoblin (D:2)
  3 kobolds (D:1)
  3 frilled lizards
  4 rats (D:1)
25 creatures vanquished.

Notes
Turn   | Place    | Note
-------+----------+-------------------------------------------
     0 | D:1      | nht the Demonspawn Wanderer began the quest for the Orb.
     0 | D:1      | nht set off with: a +2 mace, 2 potions of curing, a +0 robe, a bread ration
     0 | D:1      | Reached XP level 1. HP: 15/15 MP: 1/1
   117 | D:1      | Reached skill level 3 in Maces & Flails
   371 | D:1      | Gained mutation: You are immune to rotting. [demonic ancestry]
   371 | D:1      | Reached XP level 2. HP: 17/21 MP: 2/2
   983 | D:2      | Found a shadowy altar of Dithmenos.
   989 | D:2      | Gained mutation: A weak demonic guardian rushes to your aid. [demonic ancestry]
   989 | D:2      | Reached XP level 3. HP: 18/26 MP: 3/3
   997 | D:2      | HP: 1/26 [ooze (5)]
  1054 | D:2      | HP: 1/26 [hobgoblin (5)]
  1055 | D:2      | Slain by a hobgoblin

Vault maps used:
D:1:      lemuel_arrival_room, corexii_hall_statues_u, minmay_liquid_box
D:2:      ashenzari_altar_1, old_standard_altar,
          gammafunk_temple_overflow_forgotten, grunt_dithmenos_smoke_and_mirrors

Skill      XL: |  1 |
---------------+----+-----
Maces & Flails | 3 |  3.9
Fighting       | |  1.0
Polearms       | |  1.7
Armour         | |  1.0
Dodging        | |  1.0
Stealth        | |  1.0
Shields        | |  1.0

Action                   || total
-------------------------++-------
Melee: Mace              ||    76
  Use: Potion            ||     2
Armor: Robe              ||    12
Dodge: Dodged            ||    52
